[Event "*** Titled Tuesday Blitz"]
[Site "Chess.com"]
[Date "2020.11.24"]
[Round "6"]
[White "ZenBull"]
[Black "A-S-00"]
[Result "0-1"]
[WhiteElo "2113"]
[BlackElo "2305"]
[TimeControl "180+1"]
[EndTime "11:21:29 PST"]
[Termination "A-S-00 won by resignation"]

1. Nf3 Nf6 2. c4 g6 3. Nc3 Bg7 4.
e4 d6 5. d4 O-O 6. h3 Nbd7 7. Bg5 e5 8. d5 h6 9. Be3 Ne8 10. Nd2 f5 11. f3 f4 12. Bf2 Nef6 13. Qc2 a5 14. Be2 Nh5 15. O-O-O c6 16. Kb1 Rb8 17.
Ka1 Nc5 18. Nb3 Na6 19. c5 Nb4 20. Qb1 dxc5 21. Bxc5 Re8 22. dxc6 Qf6 23. c7 Ra8 24. Bc4+ Be6 25. Bxe6+ Qxe6 26. Nd5 Na6 27. Bb6 Bf8 28. Rc1 Ng3 29. Rhd1 a4 30. Nc5 Nxc5 31. Bxc5 Ne2 32. Rc2 Bxc5 33. Rxc5 Nd4 34. Rdc1 Nb3+ 35. axb3 axb3+ 36. Qa2 Rxa2+ 37. Kb1 Ra1+ 38. Kxa1 Qa6+ 0-1

[Event "*** Titled Tuesday Blitz"]
[Site "Chess.com"]
[Date "2020.11.24"]
[Round "6"]
[White "chessdjw"]
[Black "Szparu"]
[Result "0-1"]
[WhiteElo "2647"]
[BlackElo "2511"]
[TimeControl "180+1"]
[EndTime "11:21:32 PST"]
[Termination "Szparu won by checkmate"]

1. d4 Nf6 2. c4 e6 3. Nf3 c5 4. g3 cxd4 5. Nxd4 a6 6. Bg2 Qc7 7.
Nc3 Qxc4 8. Bf4 Nc6 9. Nb3 d5 10.
Rc1 Qb4 11. O-O Be7 12. a3 Qb6 13. e4 d4 14. Na4 Qd8 15. e5 Nd5 16. Bxd5 exd5 17.
Nxd4 Bd7 18. Nc5 O-O 19. Nxb7 Qb6 20. Nxc6 Bxc6 21. Nd6 Bd7 22. Qxd5 Be6 23. Qd2 a5 24. b4 axb4 25. axb4 Ra2 26. Qc3 Bh3 27. Be3 Qb8 28. Ra1 Qa8 29. Rxa2 Qg2# 0-1

[Event "*** Titled Tuesday Blitz"]
[Site "Chess.com"]
[Date "2020.11.24"]
[Round "6"]
[White "Quiet_Desperation"]
[Black "monalize"]
[Result "1/2-1/2"]
[WhiteElo "1682"]
[BlackElo "2351"]
[TimeControl "180+1"]
[EndTime "11:21:32 PST"]
[Termination "Game drawn by repetition"]

1. e4 c5 2. Nf3 d6 3. d4 cxd4 4. Nxd4 Nf6 5. Nc3 a6 6. Be3 Ng4 7. Bc1 Nf6 8. Be3 Ng4 9. Bc1 Nc6 10. Be2 h5 11. h3 Nf6 12. Be3 e6 13. O-O Be7 14. Nb3 b5 15. a3 Bb7 16. f4 Qc7 17. f5 Ne5 18. fxe6 fxe6 19. Nd4 Qd7 20. Kh1 Rc8 21. Qd2 Nc4 22. Bxc4 Rxc4 23. Qd3 O-O 24. Rad1 e5 25. Nf5 Nxe4 26. Nxe7+ Qxe7 27. Nd5 Rxf1+ 28. Rxf1 Qe6 29. b3 Ng3+ 30. Kg1 Nxf1 31. bxc4 bxc4 32.
Qxf1 Qxd5 33. Qf2 Qe4 34. Qg3 Kh7 35. c3 d5 36. h4 d4 37. cxd4 exd4 38. Bf4 c3 39. Be5 g6 40. Qg5 Kg8 41. Qd8+ Kf7 42. Qd7+ Kf8 43. Qd8+ Kf7 44. Qd7+ Kf8 45. Qd8+ Kf7 1/2-1/2

[Event "*** Titled Tuesday Blitz"]
[Site "Chess.com"]
[Date "2020.11.24"]
[Round "6"]
[White "verdest"]
[Black "dretch"]
[Result "0-1"]
[WhiteElo "2618"]
[BlackElo "2798"]
[TimeControl "180+1"]
[EndTime "11:21:34 PST"]
[Termination "dretch won by resignation"]

1. d4 d5 2. c4 c6 3. Nf3 Nf6 4. e3 Bf5 5. Nc3 e6 6. Nh4 Bg6 7. Qb3 Qc7 8. Nxg6 hxg6 9. g3 Nbd7 10. Bd2 Nb6 11. cxd5 exd5 12. Bd3 Be7 13. h3 Qd7 14. h4 g5 15. O-O-O gxh4 16. gxh4 Ng4 17. Rdf1 Rxh4 18. Rxh4 Bxh4 19. Nd1 O-O-O 20. Be2 Nf6 21. Qc2 Kb8 22. Rg1 g6 23. Bd3 Nc8 24. Nc3 Bxf2 25. Rf1 Bh4 26. Na4 Nd6 27. Nc5 Qe7 28. Qb3 Bg5 29.
Ba6 Ka8 30. Be2 Nde4 31. Bb4 Nxc5 0-1

[Event "*** Titled Tuesday Blitz"]
[Site "Chess.com"]
[Date "2020.11.24"]
[Round "6"]
[White "PLAYER_2006_M"]
[Black "serhanberat_ozdemir"]
[Result "1-0"]
[WhiteElo "2499"]
[BlackElo "2336"]
[TimeControl "180+1"]
[EndTime "11:21:34 PST"]
[Termination "PLAYER_2006_M won on time"]

1. d4 Nf6 2. Nc3 d5 3. Bf4 g6 4. e3 Bg7 5. h4 h5 6. Nf3 O-O 7. Ne5 c5 8. dxc5 Qa5 9. Qd4 Nc6 10. Nxc6 bxc6 11. Be5 Bf5 12. Bd3 Bxd3 13. cxd3 Ne8 14. Bxg7 Nxg7 15. g4 Rab8 16. gxh5 Nxh5 17. Qa4 Qxc5 18.
d4 Qd6 19. Rb1 c5 20. Qd1 cxd4 21. Qxd4 Rfd8 22. Rg1 e5 23. Qd1 Kh7 24. Rg5 Qf6 25. Qg4 Rd6 26. Rd1 Rxb2 27. Nxd5 1-0

[Event "*** Titled Tuesday Blitz"]
[Site "Chess.com"]
[Date "2020.11.24"]
[Round "6"]
[White "IgorBjelobrk"]
[Black "Kapibara_Warri0r"]
[Result "1-0"]
[WhiteElo "2661"]
[BlackElo "2162"]
[TimeControl "180+1"]
[EndTime "11:21:34 PST"]
[Termination "IgorBjelobrk won by resignation"]

1. c4 e5 2. g3 Nf6 3. Bg2 d5 4. cxd5 Nxd5 5. Nf3 Nc6 6. O-O Be7 7. d4 e4 8. Ne5 Nxe5 9. dxe5 Bf5 10. Bxe4 Bxe4 11.
Qa4+ c6 12. Qxe4 O-O 13. Nd2 Bc5 14. Nf3 Re8 15. Bd2 Qb6 16. Ng5 g6 17. Qh4 h5 18.
e6 f6 19. Qe4 Kg7 20. Nf3 Qc7 21. Nh4 Ne7 22. Bc3 Qc8 23. Rad1 g5 24. Nf5+ Nxf5 25. Qxf5 Rxe6 26. Qxg5+ Kf8 27. Qxc5+ 1-0

[Event "*** Titled Tuesday Blitz"]
[Site "Chess.com"]
[Date "2020.11.24"]
[Round "6"]
[White "Nemsko"]
[Black "CzechmVIII"]
[Result "1-0"]
[WhiteElo "2357"]
[BlackElo "2136"]
[TimeControl "180+1"]
[EndTime "11:21:35 PST"]
[Termination "Nemsko won on time"]

1. e4 c5 2. Nf3 d6 3. d4 cxd4 4. Nxd4 Nf6 5. Nc3 g6 6. Be3 Bg7 7. f3 Nc6 8. Qd2 O-O 9. O-O-O d5 10. Qe1 e5 11. Nxc6 bxc6 12. exd5 Nxd5 13. Bc4 Be6 14. Ne4 Qc7 15. Bc5 Rfd8 16. h4 h6 17. g4 Nf4 18. Qc3 Rab8 19. Kb1 f5 20. Bxe6+ Nxe6 21. Qc4 fxe4 22. Qxe6+ Kh7 23. Bd6 Qb6 24. Bxb8 Rxb8 25. b3 exf3 26. h5 e4 27. hxg6+ Kh8 28. Rxh6+ Bxh6 29. Qf6+ Bg7 30. Rh1+ 1-0

[Event "*** Titled Tuesday Blitz"]
[Site "Chess.com"]
[Date "2020.11.24"]
[Round "6"]
[White "Zajdanek"]
[Black "RaneshRatnesan"]
[Result "1-0"]
[WhiteElo "2311"]
[BlackElo "2120"]
[TimeControl "180+1"]
[EndTime "11:21:35 PST"]
[Termination "Zajdanek won by resignation"]

1. e4 c5 2. Nf3 d6 3. d4 cxd4 4. Nxd4 Nf6 5. Nc3 a6 6. h3 e5 7. Nde2 h5 8. g3 b5 9. Bg2 Bb7 10. O-O Be7 11. a4 b4 12. Nd5 Nxd5 13. exd5 a5 14.
c4 Nd7 15. b3 O-O 16. f4 exf4 17. Nxf4 g6 18. Kh2 Ne5 19. Bb2 Bf6 20. Bd4 Bg7 21. Qd2 Rc8 22. Rad1 h4 23. g4 Qd7 24. Bb6 Ra8 25. Bf2 Qe7 26. Qe1 g5 27. Nh5 Rae8 28. Qd2 f5 29. gxf5 Rxf5 30. Bb6 Ref8 31. Rxf5 Rxf5 32. Qe2 Bc8 33. Be4 Rf8 34. Rg1 g4 35. hxg4 Ng6 36. Nxg7 Qe5+ 37. Kh1 Kxg7 38. Be3 Nf4 39.
Bxf4 Rxf4 40. Bd3 Qxe2 41. Bxe2 Re4 42. Bd1 Kg6 43. Bc2 1-0

[Event "*** Titled Tuesday Blitz"]
[Site "Chess.com"]
[Date "2020.11.24"]
[Round "6"]
[White "Deepweb2020"]
[Black "AlexSuv"]
[Result "0-1"]
[WhiteElo "2274"]
[BlackElo "2527"]
[TimeControl "180+1"]
[EndTime "11:21:37 PST"]
[Termination "AlexSuv won by resignation"]

1. d4 Nf6 2. c4 e6 3. g3 d5 4. Nf3 dxc4 5. Bg2 Nc6 6. Qa4 Bb4+ 7. Bd2 Nd5 8. Bxb4 Nxb4 9. O-O Rb8 10. Ne5 O-O 11.
Nxc6 Nxc6 12. Bxc6 bxc6 13. Qxc4 Rxb2 14. Nc3 Qd6 15.
e3 e5 16. Rfd1 Be6 17. Qa4 exd4 18. Rxd4 Qc5 19. Ne4 Qc2 20. Qxc2 Rxc2 21. a4 c5 22. Rdd1 Rb8 23. Rac1 Rxc1 24. Rxc1 c4 25. Nc5 Rb4 26.
a5 Kf8 27. Na6 Ra4 28. Nxc7 Ke7 29. Nxe6 fxe6 30. e4 Kd6 31. f3 Kc5 32. Kf2 Rxa5 33. Ke3 Ra3+ 34. Kf4 Kb4 35. Rd1 c3 36. Rd7 c2 37.
Rb7+ Kc3 38. Rc7+ Kd2 39. Ke5 Rc3 40. Rd7+ Ke3 0-1

[Event "*** Titled Tuesday Blitz"]
[Site "Chess.com"]
[Date "2020.11.24"]
[Round "6"]
[White "tylityli"]
[Black "Harry_Rakkel"]
[Result "1/2-1/2"]
[WhiteElo "2339"]
[BlackElo "2482"]
[TimeControl "180+1"]
[EndTime "11:21:37 PST"]
[Termination "Game drawn by repetition"]

1. d4 Nf6 2. c4 e6 3. Nc3 Bb4 4. e3 b6 5. Ne2 Bb7 6. a3 Be7 7. d5 O-O 8. g3 exd5 9. Bg2 a5 10. O-O Na6 11. cxd5 Nc5 12. e4 a4 13. Nd4 d6 14. Re1 Nfd7 15. f4 Bf6 16. Be3 Re8 17. Bf2 Bxd4 18. Bxd4 Nb3 19. Rb1 Nxd4 20. Qxd4 Nc5 21.
Rbd1 Ba6 22. h4 Qd7 23. Kh2 f6 24. Bh3 Qe7 25. h5 Bc8 26. g4 Bd7 27. Kg3 h6 28. Bg2 Qf7 29. Bf3 Re7 30. Rg1 Rf8 31. Kf2 Qe8 32.
Rde1 Qa8 33. Re2 Ref7 34. Rge1 Qa6 35. Re3 Nb3 36. Qd3 Qa5 37. Qc4 Nc5 38. Qb4 Qa6 39. Qd4 Qc8 40. Rg1 Qa6 41. Rd1 Nb3 42. Qb4 Nc5 43.
Qd4 Nb3 44. Qd3 Qa5 45. Qd4 Nc5 46. Qb4 Qa6 47. Qd4 1/2-1/2

[Event "*** Titled Tuesday Blitz"]
[Site "Chess.com"]
[Date "2020.11.24"]
[Round "6"]
[White "enriquetejedor"]
[Black "grzechu96"]
[Result "0-1"]
[WhiteElo "2489"]
[BlackElo "2693"]
[TimeControl "180+1"]
[EndTime "11:21:38 PST"]
[Termination "grzechu96 won by resignation"]

1. e4 c5 2. Nc3 a6 3. Nf3 d6 4. d4 cxd4 5. Nxd4 e6 6. g3 b5 7. Bg2 Bb7 8. O-O Be7 9. a4 b4 10. Na2 Qc7 11. Nxb4 Nf6 12. Re1 d5 13. exd5 Bxb4 14. c3 Be7 15. dxe6 Bxg2 16. exf7+ Kxf7 17. Kxg2 Qb7+ 18. Kg1 Rd8 19. b4 Nbd7 20. Rxe7+ Kxe7 21. Nf5+ Ke6 22. Nxg7+ Kf7 23. Nf5 Ne5 24. Nd6+ Ke6 25. Bf4 Rxd6 26. Qe2 Qe4 27. Qxe4 Nxe4 28. Re1 Nf3+ 29. Kf1 Nxe1 30. Kxe1 0-1

[Event "*** Titled Tuesday Blitz"]
[Site "Chess.com"]
[Date "2020.11.24"]
[Round "6"]
[White "manipun1"]
[Black "mikheeva86"]
[Result "1-0"]
[WhiteElo "2246"]
[BlackElo "1975"]
[TimeControl "180+1"]
[EndTime "11:21:40 PST"]
[Termination "manipun1 won on time"]

1. e4 e6 2. Nf3 d5 3. Nc3 dxe4 4.
Nxe4 Nf6 5. Nxf6+ Qxf6 6. d4 Bd6 7. Bg5 Qf5 8. Bd3 Qa5+ 9. c3 Bd7 10. O-O Bc6 11. Bd2 Nd7 12. c4 Bb4 13. d5 exd5 14.
Re1+ Kf8 15. Bxb4+ Qxb4 16. cxd5 Bxd5 17. Bf5 Nb6 18. Ne5 f6 19. Nd7+ Nxd7 20. Qxd5 Nb6 21. Qxb7 g6 22. Be6 Qe7 23. Bb3 Qd7 24. Rad1 Qc8 25. Qc6 Kg7 26. Re7+ Kh6 27. Qxf6 Qg4 28. h3 Qg5 29. Qg7+ Kh5 30. Re5 1-0

[Event "*** Titled Tuesday Blitz"]
[Site "Chess.com"]
[Date "2020.11.24"]
[Round "6"]
[White "beto-betun"]
[Black "Klavdia_Nik"]
[Result "1-0"]
[WhiteElo "2194"]
[BlackElo "2070"]
[TimeControl "180+1"]
[EndTime "11:21:40 PST"]
[Termination "beto-betun won by resignation"]

1. d4 Nf6 2. Nf3 c5 3. c4 g6 4.
g3 b6 5. Bg2 Bb7 6. O-O Bg7 7. d5 b5 8. Nc3 bxc4 9. e4 d6 10.
e5 Ng4 11. e6 f5 12. Ng5 O-O 13. Nf7 Qa5 14. h3 Ne5 15. Nh6+ Kh8 16. Bg5 Bf6 17.
Bxf6+ Rxf6 18. Qd2 Kg7 19. g4 fxg4 20. hxg4 Na6 21.
f4 Nd3 22. g5 Rff8 23. f5 Nab4 24. f6+ exf6 25. gxf6+ Rxf6 26. Rxf6 Kxf6 27. Rf1+ Kg7 28.
Rf7+ Kh8 29. Be4 Nxd5 30. Bxd5 Bxd5 31. Qg5 Qd8 32. e7 1-0

[Event "*** Titled Tuesday Blitz"]
[Site "Chess.com"]
[Date "2020.11.24"]
[Round "6"]
[White "svilson23"]
[Black "enriquebutti"]
[Result "1-0"]
[WhiteElo "2244"]
[BlackElo "1961"]
[TimeControl "180+1"]
[EndTime "11:21:42 PST"]
[Termination "svilson23 won by resignation"]

1. e4 c5 2. Nf3 d6 3. Bb5+ Bd7 4.
Bxd7+ Qxd7 5. c4 Nc6 6. Nc3 Nf6 7. d4 cxd4 8. Nxd4 e6 9. O-O Be7 10. f3 O-O 11. Be3 a6 12. Kh1 Rfc8 13. Qd2 Nxd4 14. Qxd4 Qc6 15. b3 b5 16. Rac1 bxc4 17. bxc4 Qxc4 18.
Nd5 Qxd4 19. Nxe7+ Kf8 20. Bxd4 Kxe7 21. g4 e5 22. Be3 d5 23. g5 Nh5 24. exd5 Kd6 25.
Rfd1 Rxc1 26. Bxc1 Nf4 27. Bxf4 exf4 28. Rd4 Ke5 29. Re4+ Kxd5 30. Rxf4 Ra7 31. Kg2 Ke5 32. Kg3 Rd7 33. Ra4 Rd6 34. Ra5+ Kd4 35. Kf4 Kc3 36.
h4 Rd4+ 37. Kf5 Rxh4 38. Rxa6 Kd3 39. f4 Ke3 40. Ra4 Rh2 41. Re4+ Kf3 42. Re7 Rh4 43.
Rxf7 Rxf4+ 44. Ke6 Rxf7 45. Kxf7 g6 46. Kg7 Kg4 47.
Kh6 Kh4 48. a4 1-0

[Event "*** Titled Tuesday Blitz"]
[Site "Chess.com"]
[Date "2020.11.24"]
[Round "6"]
[White "Jungle_Jaguar"]
[Black "Semen_Khanin"]
[Result "0-1"]
[WhiteElo "2614"]
[BlackElo "2779"]
[TimeControl "180+1"]
[EndTime "11:21:43 PST"]
[Termination "Semen_Khanin won by resignation"]

1. e4 e5 2. Nf3 Nc6 3. Bb5 a6 4. Ba4 Nf6 5. O-O Nxe4 6. d4 Be7 7. dxe5 Nc5 8. Bb3 O-O 9. Bf4 b5 10. Nc3 Bb7 11. Nd5 Nxb3 12. axb3 Re8 13. c4 Nb4 14. Qd2 Nxd5 15. cxd5 d6 16. Rad1 dxe5 17. Bxe5 Bd6 18. Bc3 Qe7 19. Rfe1 Qf8 20. Qg5 h6 21. Qg4 Rxe1+ 22.
Rxe1 Bxd5 23. Nh4 Be6 24. Rxe6 fxe6 25. Qxe6+ Qf7 26. Qg4 b4 27. Nf5 bxc3 28. Nxh6+ Kf8 29. Nxf7 cxb2 30. Qf5 g6 31. Qxg6 Re8 32. Qb1 Bb4 33.
Kf1 Re1+ 34. Qxe1 Bxe1 35. Kxe1 b1=Q+ 0-1

[Event "*** Titled Tuesday Blitz"]
[Site "Chess.com"]
[Date "2020.11.24"]
[Round "6"]
[White "SamuelGhimpu2003"]
[Black "TrickyFortem"]
[Result "0-1"]
[WhiteElo "2604"]
[BlackElo "2499"]
[TimeControl "180+1"]
[EndTime "11:21:43 PST"]
[Termination "TrickyFortem won on time"]

1. d4 d5 2. Nc3 Nf6 3. Bf4 g6 4. e3 Bg7 5. h4 h5 6. Nf3 O-O 7. Ne5 c5 8. dxc5 Qa5 9. Qd4 Nc6 10. Nxc6 bxc6 11. Be5 Ba6 12. b4 Qa3 13. Bxa6 Qxa6 14. f3 Ne8 15. Bxg7 Nxg7 16. Kf2 Rab8 17. a3 Nf5 18. Qd3 Qxd3 19. cxd3 d4 20. e4 dxc3 21. exf5 gxf5 22. Rhc1 a5 23. Rab1 Rfd8 24. Rxc3 axb4 25. axb4 Rd4 26. Rcb3 Rb5 27. g3 Kg7 28. Ke3 e5 29. Ra3 Rdxb4 30. Rxb4 Rxb4 31. Ra6 f4+ 32. gxf4 Rxf4 33. Rxc6 Rxh4 34. Rc8 Rh1 35. Kd2 h4 36. c6 Rh2+ 37. Kc3 Rh1 38. Kc4 Rc1+ 39. Kd5 h3 0-1

[Event "*** Titled Tuesday Blitz"]
[Site "Chess.com"]
[Date "2020.11.24"]
[Round "6"]
[White "VinzentSpitzl"]
[Black "GAusal"]
[Result "1-0"]
[WhiteElo "2366"]
[BlackElo "2027"]
[TimeControl "180+1"]
[EndTime "11:21:43 PST"]
[Termination "VinzentSpitzl won by resignation"]

1. e4 c5 2. Nf3 d6 3. d4 cxd4 4.
Nxd4 Nf6 5. Nc3 a6 6. Bg5 Nc6 7. Bc4 Ne5 8. Bb3 b5 9. Qe2 Bb7 10. f4 Nc6 11. O-O-O Nxd4 12. Rxd4 h6 13. Bh4 Qb6 14.
Rhd1 b4 15. Na4 Qb5 16. Qe1 e5 17. Rxb4 Qc6 18. Bxf6 Rc8 19. Rc4 Qxc4 20. Bxc4 Rxc4 21. Nb6 Rc6 22. Qb4 gxf6 23. Nd5 Bc8 24. Qa4 Kd7 25. Nxf6+ Kc7 26. Nd5+ Kb7 27. Rd3 Ka7 28. Qxc6 1-0

[Event "*** Titled Tuesday Blitz"]
[Site "Chess.com"]
[Date "2020.11.24"]
[Round "6"]
[White "onnoelgersma"]
[Black "LamaChampetre"]
[Result "1-0"]
[WhiteElo "2407"]
[BlackElo "2213"]
[TimeControl "180+1"]
[EndTime "11:21:44 PST"]
[Termination "onnoelgersma won on time"]

1. c3 g6 2. Nf3 Bg7 3. e4 c5 4. d4 cxd4 5. cxd4 d5 6. e5 Nh6 7. h3 O-O 8. Nc3 f6 9. exf6 exf6 10.
Be2 Nf7 11. O-O Nc6 12. Be3 Be6 13. Qb3 b6 14. Bb5 Na5 15. Qb4 Nd6 16. b3 Ne4 17. Rac1 Rf7 18. Nxe4 dxe4 19. Nd2 f5 20. f4 Rc8 21.
Rxc8 Qxc8 22. Nc4 Nxc4 23. Bxc4 Bxc4 24. bxc4 Rd7 25. Rd1 Qd8 26. d5 Qh4 27. c5 Qg3 28. Bf2 Qxf4 29. c6 Rd8 30. d6 Be5 31. c7 Qh2+ 32.
Kf1 Re8 33. d7 Rf8 34. d8=Q 1-0

[Event "*** Titled Tuesday Blitz"]
[Site "Chess.com"]
[Date "2020.11.24"]
[Round "6"]
[White "AlexeiShirov"]
[Black "esapunov"]
[Result "1-0"]
[WhiteElo "2847"]
[BlackElo "2804"]
[TimeControl "180+1"]
[EndTime "11:21:45 PST"]
[Termination "AlexeiShirov won by resignation"]

1. e4 c5 2. Nf3 d6 3. d4 cxd4 4. Nxd4 Nf6 5. Nc3 Nc6 6. Bg5 e6 7. Qd2 a6 8. O-O-O h6 9. Be3 Nxd4 10. Qxd4 Qc7 11. f4 Be7 12. Be2 O-O 13. g4 e5 14. Qd3 exf4 15. Bxf4 Be6 16. Rhg1 g5 17. Bxd6 Bxd6 18. Qxd6 Qxd6 19. Rxd6 Rfd8 20. Rb6 Rab8 21.
h3 Nd7 22. Rd6 Ne5 23. Rgd1 Rxd6 24. Rxd6 Kf8 25. Nd5 h5 26. gxh5 Bxh3 27. h6 g4 28.
Nf4 Ke7 29. Rb6 Nd7 30. Rb3 b5 31. Nxh3 gxh3 32. Rxh3 Rh8 33. Bg4 Ne5 34. Bf5 b4 35. h7 a5 36. a3 Ng6 37. axb4 axb4 38. Kd2 Kf6 39. Ke3 Ne5 40. Kd4 Rd8+ 41. Kc5 Kg7 42. Kxb4 Rb8+ 43. Kc3 Nc6 44. Rg3+ Kh8 45. b4 Na7 46. Kc4 1-0

[Event "*** Titled Tuesday Blitz"]
[Site "Chess.com"]
[Date "2020.11.24"]
[Round "6"]
[White "tan275"]
[Black "margarita_2703"]
[Result "0-1"]
[WhiteElo "2199"]
[BlackElo "2406"]
[TimeControl "180+1"]
[EndTime "11:21:45 PST"]
[Termination "margarita_2703 won by resignation"]

1. d4 d5 2. c4 e6 3. Nf3 Nf6 4. Nc3 c6 5. g3 Nbd7 6. Bg2 Bd6 7. Nd2 O-O 8. O-O b6 9. e4 dxe4 10. Ndxe4 Nxe4 11. Nxe4 Be7 12. Bf4 Bb7 13. Nd6 Bxd6 14.
Bxd6 Re8 15. Re1 Nf6 16. Be5 Nd7 17. Bd6 Rc8 18. Rc1 Ba8 19. Qd2 c5 20. Bxa8 Rxa8 21.
Red1 cxd4 22. Qxd4 Nf6 23. Qh4 Qc8 24. Be5 Nd7 25.
Bc3 e5 26. Rd5 f6 27. Rcd1 Nf8 28. Bb4 Ne6 29. Bd6 Nd4 30. Qe4 Qxc4 31. b3 Ne2+ 32. Qxe2 Qxe2 0-1

[Event "*** Titled Tuesday Blitz"]
[Site "Chess.com"]
[Date "2020.11.24"]
[Round "6"]
[White "Anna_ChessMate"]
[Black "OnePeculiarConundrum"]
[Result "1-0"]
[WhiteElo "2582"]
[BlackElo "2348"]
[TimeControl "180+1"]
[EndTime "11:21:46 PST"]
[Termination "Anna_ChessMate won by resignation"]

1. d4 Nf6 2. c4 c5 3. Nf3 cxd4 4.
Nxd4 g6 5. g3 Bg7 6. Bg2 O-O 7.
O-O Nc6 8. Nc3 a6 9. b3 Nxd4 10.
Qxd4 d6 11. Bb2 Rb8 12. a4 Bd7 13. a5 Bc6 14. f3 Ne4 15. Qe3 Nxc3 16. Bxc3 Qc7 17.
Bxg7 Kxg7 18. Qc3+ f6 19. e4 b5 20. cxb5 Rxb5 21.
Rfc1 Rc5 22. Qe3 Bb5 23. Rxc5 dxc5 24. Rc1 Rc8 25. Bh3 Re8 26. Qxc5 Qxa5 27. Bd7 Rd8 28.
Qxe7+ Kh6 29. Bxb5 axb5 30. b4 Qb6+ 31. Rc5 Rd1+ 32.
Kg2 g5 33. h4 Qa6 34. hxg5+ Kg6 35. Qxf6+ Qxf6 36. gxf6 Kxf6 37. Rxb5 Rb1 38. Rb8 Kg7 39. b5 Kf6 40. b6 Kg7 41. b7 Kf6 42. f4 Kg7 43. e5 h5 44. f5 Rb6 45. f6+ Kg6 46. Rg8+ Kf7 47. b8=Q Rxb8 48. Rxb8 h4 49. gxh4 1-0

[Event "*** Titled Tuesday Blitz"]
[Site "Chess.com"]
[Date "2020.11.24"]
[Round "6"]
[White "Harsha_Bharathakoti"]
[Black "Shield12"]
[Result "0-1"]
[WhiteElo "2717"]
[BlackElo "2914"]
[TimeControl "180+1"]
[EndTime "11:21:48 PST"]
[Termination "Shield12 won by resignation"]

1. d4 Nf6 2. c4 e6 3. Nf3 b6 4.
g3 Bb7 5. Bg2 Be7 6. O-O O-O 7. Nc3 Ne4 8. Bd2 Bf6 9. Re1 c5 10.
d5 exd5 11. cxd5 Nxd2 12. Qxd2 d6 13. Qc2 Na6 14. h4 Re8 15. Rad1 Nc7 16. Nh2 b5 17. Ng4 Be7 18. h5 h6 19. Ne3 Bf8 20. Nf5 b4 21.
Nb1 Ba6 22. e4 Bc8 23. e5 Nb5 24. e6 Qf6 25. Nd2 fxe6 26. dxe6 Bxe6 27. Bxa8 Rxa8 28. Nh4 Nd4 29. Qd3 Bg4 30. Ne4 Qf7 31. Ng6 Bxh5 32. Nxf8 Rxf8 33. Rc1 d5 0-1

[Event "*** Titled Tuesday Blitz"]
[Site "Chess.com"]
[Date "2020.11.24"]
[Round "6"]
[White "vugarrasulov"]
[Black "Rodalquilar"]
[Result "1-0"]
[WhiteElo "2875"]
[BlackElo "2664"]
[TimeControl "180+1"]
[EndTime "11:21:48 PST"]
[Termination "vugarrasulov won on time"]

1. d4 d5 2. c4 e6 3. Nf3 Nf6 4. Nc3 a6 5. c5 b6 6. cxb6 cxb6 7. Bg5 Be7 8. e3 O-O 9. Bd3 Bb7 10. Rc1 Nbd7 11.
O-O Rc8 12. Qb3 b5 13. Bxf6 Nxf6 14. Ne5 Qa5 15. Rc2 Rc7 16. Rfc1 Rfc8 17. a3 Ne8 18. a4 Nd6 19. axb5 axb5 20. h3 Ba6 21. Ne2 Rxc2 22.
Rxc2 Qe1+ 23. Kh2 Qxf2 24. Rxc8+ Bxc8 25. Qc3 b4 26. Qc1 h5 27. Nf4 h4 28. Ne2 b3 29.
Ng4 1-0

[Event "*** Titled Tuesday Blitz"]
[Site "Chess.com"]
[Date "2020.11.24"]
[Round "6"]
[White "SchieberSpieler"]
[Black "NotFischer"]
[Result "1-0"]
[WhiteElo "2335"]
[BlackElo "2139"]
[TimeControl "180+1"]
[EndTime "11:21:48 PST"]
[Termination "SchieberSpieler won on time"]

1. Nf3 Nf6 2. c4 d6 3. d4 g6 4. g3 Bg7 5. Bg2 O-O 6. O-O c6 7. Nc3 Nbd7 8. e4 e5 9. Be3 Re8 10.
h3 exd4 11. Nxd4 Nc5 12. Qc2 a5 13. Rad1 Qc7 14. Rd2 h5 15. Rfd1 Nfd7 16. b3 Nb6 17. Nde2 Bf8 18. Bf4 Rd8 19. Qb2 Ne6 20. Be3 Bd7 21.
f4 Be8 22. g4 hxg4 23. hxg4 Bg7 24. g5 a4 25. f5 Nc5 26. Bf4 axb3 27. axb3 Be5 28.
Be3 Rab8 29. Qc2 Ra8 30. Nf4 Na6 31. Nd3 Bxc3 32. Qxc3 c5 33. Kf2 Bc6 34. Rh1 1-0

[Event "*** Titled Tuesday Blitz"]
[Site "Chess.com"]
[Date "2020.11.24"]
[Round "6"]
[White "NeverW84M8"]
[Black "DishonorOnYourCow"]
[Result "1-0"]
[WhiteElo "2578"]
[BlackElo "2448"]
[TimeControl "180+1"]
[EndTime "11:21:50 PST"]
[Termination "NeverW84M8 won by resignation"]

1. d4 Nf6 2. c4 g6 3. Nc3 d5 4. Nf3 Bg7 5. h4 h5 6. Bg5 c6 7. e3 Nbd7 8. Qb3 Qb6 9. cxd5 cxd5 10. Qxb6 Nxb6 11. Nb5 O-O 12. Rc1 Bd7 13. b3 Rfc8 14. Rxc8+ Rxc8 15. Bxf6 Bxf6 16. Kd2 a6 17. Nc3 Bg4 18.
Be2 e6 19. g3 Be7 20. Rc1 Ba3 21. Rc2 Bb4 22. Ng1 Nd7 23. f3 Bf5 24. Bd3 Nf6 25. Ne2 Kf8 26. Bxf5 gxf5 27. Kd3 Ke7 28. Nxd5+ Nxd5 29. Rxc8 Bd6 30. e4 fxe4+ 31. fxe4 Nb4+ 32. Kd2 Nxa2 33. Rh8 a5 34. Rxh5 f6 35. Rb5 1-0

[Event "*** Titled Tuesday Blitz"]
[Site "Chess.com"]
[Date "2020.11.24"]
[Round "6"]
[White "Qvalda"]
[Black "Sueetin"]
[Result "0-1"]
[WhiteElo "2408"]
[BlackElo "2291"]
[TimeControl "180+1"]
[EndTime "11:21:50 PST"]
[Termination "Sueetin won by resignation"]

1. e4 c5 2. a3 d5 3. exd5 Qxd5 4. Nf3 Nc6 5. Nc3 Qd8 6. Bc4 Nf6 7. O-O Bg4 8. h3 Bh5 9. Re1 e6 10. d3 Be7 11.
Bf4 O-O 12. g4 Nxg4 13. hxg4 Bxg4 14. Ne4 e5 15. Be3 Kh8 16. Kg2 f5 17. Nxc5 Bxc5 18. Bxc5 Rf6 19. Rh1 Rg6 20. Kf1 e4 21. dxe4 Qxd1+ 22. Rxd1 Bxf3 23. Rxh7+ Kxh7 24. Rd7 Rh6 25. Ke1 Rh1+ 26.
Kd2 Rd1+ 0-1

[Event "*** Titled Tuesday Blitz"]
[Site "Chess.com"]
[Date "2020.11.24"]
[Round "6"]
[White "joppie2"]
[Black "frederiksvane"]
[Result "1-0"]
[WhiteElo "2956"]
[BlackElo "2725"]
[TimeControl "180+1"]
[EndTime "11:21:51 PST"]
[Termination "joppie2 won by checkmate"]

1. b3 c5 2. Bb2 Nc6 3. c4 Nf6 4. e3 g6 5. Nf3 Bg7 6. Be2 O-O 7. O-O d5 8. cxd5 Qxd5 9. d4 cxd4 10. Nxd4 Nxd4 11.
Bxd4 Bf5 12. Bf3 Qd7 13. Nd2 Rfd8 14. Nc4 Ne4 15. Bxg7 Kxg7 16. Qe2 f6 17. Rac1 Rac8 18.
g4 Ng3 19. hxg3 Bd3 20. Qb2 Bxf1 21. Rxf1 b5 22. Na5 Qd2 23. Qxd2 Rxd2 24. Nc6 Rxa2 25. b4 Kf8 26. Rd1 Rc2 27. Nxa7 R8c4 28. Rd8+ Kg7 29. Rd7 Kf8 30. Nxb5 Rxb4 31. Nd4 Rc1+ 32.
Kg2 Rbb1 33. Bd5 Ke8 34. Ra7 Rc5 35. Ne6 Rc2 36. Ra8+ Kd7 37. Rd8# 1-0

[Event "*** Titled Tuesday Blitz"]
[Site "Chess.com"]
[Date "2020.11.24"]
[Round "6"]
[White "Teidi96"]
[Black "DarZay"]
[Result "0-1"]
[WhiteElo "2281"]
[BlackElo "2106"]
[TimeControl "180+1"]
[EndTime "11:21:52 PST"]
[Termination "DarZay won by resignation"]

1. e4 c5 2. Nf3 d6 3. d4 cxd4 4.
Nxd4 Nf6 5. Nc3 Nc6 6. Bg5 Bd7 7. Qd2 e5 8. Ndb5 h6 9. Bxf6 gxf6 10. Nd5 Rc8 11. O-O-O a6 12. Nbc3 Be6 13. Kb1 Bg7 14.
f4 O-O 15. f5 Bxd5 16. Nxd5 Ne7 17. Nxe7+ Qxe7 18. Qxd6 Rfd8 19. Qxd8+ Rxd8 20. Bd3 Qc5 21. Rhf1 b5 22. Rf3 Kh7 23. Rdf1 Qd4 24. a3 Rb8 25. c3 Qd6 26. Bc2 a5 27. Rd1 Qc5 28. Rfd3 b4 29.
axb4 axb4 30. cxb4 Qxb4 31. Rb3 Qf8 32. Rbd3 Qc5 33.
Rd7 Qb5 34. b3 Rb7 35. Rd8 Ra7 36. R8d5 Qa6 37. Kc1 Qa2 38. Rc5 Qa3+ 39. Kd2 Qxc5 0-1